| TOP OF THE 1ST |
|
Burlington Bees batting - Pitching for Wausau Timbers : LHP Stanley Osterbur
|
|
Pitching: LHP Stanley Osterbur
|
|
|
Batting: RHB Mark Miller
|
0-0: Foul Ball, location: 2F 0-1: Swinging Strike 0-2: Ball 1-2: Strikes out looking
|
|
Batting: RHB Mike Quade
|
0-0: Swinging Strike 0-1: Ground out 5-3 (Groundball, 56S, EV 80.6 MPH)
|
|
Batting: LHB Brian Devalk
|
0-0: Fly out, F4 (Line Drive, 4, EV 74.4 MPH)
|
| Top of the 1st over - 0 runs, 0 hits, 0 errors, 0 left on base; Burlington 0 - Wausau 0 |
| BOTTOM OF THE 1ST |
|
Wausau Timbers batting - Pitching for Burlington Bees : RHP Steven Gibson
|
|
Pitching: RHP Steven Gibson
|
|
|
Batting: RHB John Nicolo
|
0-0: Fly out, F7 (Line Drive, 7D, EV 95.0 MPH)
|
|
Batting: LHB Rodney Nealeigh
|
0-0: Ball 1-0: Ground out 6-3 (Groundball, 6, EV 102.5 MPH)
|
|
Batting: RHB Rich Renteria
|
0-0: Called Strike 0-1: Swinging Strike 0-2: Ball 1-2: Foul Ball, location: 2F 1-2: Ball 2-2: Ground out 5-3 (Groundball, 56, EV 102.5 MPH)
|
| Bottom of the 1st over - 0 runs, 0 hits, 0 errors, 0 left on base; Burlington 0 - Wausau 0 |
| TOP OF THE 2ND |
|
Burlington Bees batting - Pitching for Wausau Timbers : LHP Stanley Osterbur
|
|
Batting: RHB Bob Gergen
|
0-0: Ball 1-0: Called Strike 1-1: DOUBLE (Line Drive, 3D, EV 98.8 MPH)
|
|
Batting: RHB Gregory Chinn
|
0-0: Called Strike 0-1: Ball 1-1: Called Strike 1-2: SINGLE (Groundball, 13, EV 81.9 MPH) (infield hit) Bob Gergen to third
|
|
Batting: RHB Kenneth Patterson
|
0-0: Ball 1-0: Ball 2-0: Grounds into double play, 4-6-3 (Groundball, 4, EV 88.1 MPH) Bob Gergen scores
|
|
Batting: RHB Rod Johnson
|
0-0: Ball 1-0: Ground out 1-3 (Groundball, 13, EV 66.3 MPH)
|
| Top of the 2nd over - 1 run, 2 hits, 0 errors, 0 left on base; Burlington 1 - Wausau 0 |
| BOTTOM OF THE 2ND |
|
Wausau Timbers batting - Pitching for Burlington Bees : RHP Steven Gibson
|
|
Batting: LHB Jerry Morton
|
0-0: Swinging Strike 0-1: Foul Ball, location: 2F 0-2: Ball 1-2: Ball 2-2: Foul Ball, location: 2F 2-2: Foul Ball, location: 2F 2-2: Ball 3-2: Fly out, F7 (Flyball, 78S, EV 75.6 MPH)
|
|
Batting: SHB James Flores
|
0-0: Ball 1-0: Ball 2-0: Ball 3-0: Base on Balls
|
|
Batting: LHB Ricky Seilheimer
|
0-0: Called Strike 0-1: Foul Ball, location: 2F 0-2: Ball 1-2: Foul Ball, location: 2F 1-2: Fly out, F9 (Flyball, 9, EV 83.8 MPH)
|
|
Batting: RHB Bruce Chaney
|
0-0: Called Strike 0-1: Foul Ball, location: 2F 0-2: Strikes out swinging
|
| Bottom of the 2nd over - 0 runs, 0 hits, 0 errors, 1 left on base; Burlington 1 - Wausau 0 |
| TOP OF THE 3RD |
|
Burlington Bees batting - Pitching for Wausau Timbers : LHP Stanley Osterbur
|
|
Batting: RHB Mike Morse
|
0-0: Foul Ball, location: 2F 0-1: Ball 1-1: Called Strike 1-2: Fly out, F9 (Flyball, 9S, EV 90.6 MPH)
|
|
Batting: RHB Nick Hernandez
|
0-0: Swinging Strike 0-1: Foul Ball, location: 2F 0-2: SINGLE (Line Drive, 56D, EV 98.1 MPH)
|
|
Batting: RHB Mark Miller
|
0-0: Ball 1-0: Ball 2-0: Called Strike 2-1: Swinging Strike 2-2: Foul Ball, location: 2F 2-2: Fly out, F9 (Line Drive, 9, EV 109.4 MPH)
|
|
Batting: RHB Mike Quade
|
0-0: Ball 1-0: Foul Ball, location: 2F 1-1: Ball 2-1: Foul Ball, location: 2F 2-2: Ground out 6-3 (Groundball, 6, EV 80.6 MPH)
|
| Top of the 3rd over - 0 runs, 1 hit, 0 errors, 1 left on base; Burlington 1 - Wausau 0 |
| BOTTOM OF THE 3RD |
|
Wausau Timbers batting - Pitching for Burlington Bees : RHP Steven Gibson
|
|
Batting: RHB Jeffrey Young
|
0-0: Called Strike 0-1: Foul Ball, location: 2F 0-2: SINGLE (Line Drive, 34D, EV 98.8 MPH)
|
|
Batting: RHB John Pignotti
|
0-0: Ball 1-0: Foul Ball, location: 2F 1-1: Foul Ball, location: 2F 1-2: SINGLE (Line Drive, 89S, EV 110.0 MPH) Jeffrey Young to second Jeffrey Young to third
|
|
Batting: RHB John Nicolo
|
0-0: Ball 1-0: Ball 2-0: Foul Ball, location: 2F 2-1: Ball 3-1: Swinging Strike Passed Ball! Jeffrey Young scores John Pignotti to second 3-2: Strikes out swinging
|
|
Batting: LHB Rodney Nealeigh
|
0-0: Ball 1-0: Swinging Strike 1-1: Called Strike 1-2: Foul Ball, location: 2F 1-2: Strikes out looking
|
|
Batting: RHB Rich Renteria
|
0-0: Ground out 1-3 (Groundball, 15S, EV 63.8 MPH)
|
| Bottom of the 3rd over - 1 run, 2 hits, 0 errors, 1 left on base; Burlington 1 - Wausau 1 |
| TOP OF THE 4TH |
|
Burlington Bees batting - Pitching for Wausau Timbers : LHP Stanley Osterbur
|
|
Batting: LHB Brian Devalk
|
0-0: Ball 1-0: Ground out U3 (Groundball, 34, EV 109.4 MPH)
|
|
Batting: RHB Bob Gergen
|
0-0: Ball 1-0: Called Strike 1-1: SINGLE (Line Drive, 89S, EV 95.6 MPH)
|
|
Batting: RHB Gregory Chinn
|
0-0: Ball 1-0: Ball 2-0: Called Strike 2-1: SINGLE (Groundball, 56D, EV 103.8 MPH) Bob Gergen to second
|
|
Batting: RHB Kenneth Patterson
|
0-0: Called Strike 0-1: SINGLE (Groundball, 4MD, EV 100.6 MPH) Bob Gergen to third Gregory Chinn to second Runner from 3rd tries for Home, SAFE, throw by CF to home
|
|
Batting: RHB Rod Johnson
|
0-0: Foul Ball, location: 2F 0-1: Ball 1-1: Ball 2-1: Swinging Strike 2-2: Ball 3-2: SINGLE (Line Drive, 4D, EV 102.5 MPH) Gregory Chinn to third Kenneth Patterson to second
|
|
Batting: RHB Mike Morse
|
0-0: Foul Ball, location: 2F 0-1: Ball 1-1: Fly out, F9 (Flyball, 9, EV 98.1 MPH) Throwing error, E9 Gregory Chinn scores Kenneth Patterson to third Rod Johnson to second
|
|
Batting: RHB Nick Hernandez
|
0-0: Foul Ball, location: 2F 0-1: Ball 1-1: SINGLE (Groundball, 56D, EV 101.3 MPH) Kenneth Patterson scores Rod Johnson to third Runner from 3rd tries for Home, SAFE, throw by LF to home
|
|
Batting: RHB Mark Miller
|
0-0: Ball 1-0: Ball 2-0: Swinging Strike 2-1: Ball 3-1: Foul Ball, location: 2F 3-2: Strikes out looking
|
| Top of the 4th over - 4 runs, 5 hits, 1 error, 1 left on base; Burlington 5 - Wausau 1 |
| BOTTOM OF THE 4TH |
|
Wausau Timbers batting - Pitching for Burlington Bees : RHP Steven Gibson
|
|
Batting: LHB Jerry Morton
|
0-0: Swinging Strike 0-1: Swinging Strike 0-2: Ground out U3 (Groundball, 3, EV 95.0 MPH)
|
|
Batting: SHB James Flores
|
0-0: Ball 1-0: Swinging Strike 1-1: Ball 2-1: Foul Ball, location: 2F 2-2: Foul Ball, location: 2F 2-2: DOUBLE (Line Drive, 9LM, EV 104.4 MPH)
|
|
Batting: LHB Ricky Seilheimer
|
0-0: Fly out, F7 (Flyball, 7S, EV 80.0 MPH)
|
|
Batting: RHB Bruce Chaney
|
0-0: Ball 1-0: Called Strike 1-1: Foul Ball, location: 2F 1-2: Fly out, F8 (Line Drive, 8LM, EV 89.4 MPH)
|
| Bottom of the 4th over - 0 runs, 1 hit, 0 errors, 1 left on base; Burlington 5 - Wausau 1 |
| TOP OF THE 5TH |
|
Burlington Bees batting - Pitching for Wausau Timbers : LHP Stanley Osterbur
|
|
Batting: RHB Mike Quade
|
0-0: Foul Ball, location: 2F 0-1: Ground out 5-3 (Groundball, 5L, EV 106.3 MPH)
|
|
Batting: LHB Brian Devalk
|
0-0: SINGLE (Line Drive, 34D, EV 93.8 MPH)
|
|
Batting: RHB Bob Gergen
|
0-0: Swinging Strike 0-1: Ball 1-1: DOUBLE (Line Drive, 89D, EV 102.5 MPH) Brian Devalk to third
|
|
Batting: RHB Gregory Chinn
|
0-0: Intentional Walk
|
|
Batting: RHB Kenneth Patterson
|
0-0: Ball 1-0: Foul Ball, location: 2F 1-1: Ball 2-1: SINGLE (Line Drive, 6MD, EV 98.1 MPH) Brian Devalk scores Bob Gergen to third Gregory Chinn to second
|
|
Pitching: RHP Daniel Pierce
|
|
|
Batting: RHB Rod Johnson
|
0-0: Grounds into double play, 4-6-3 (Groundball, 34, EV 98.8 MPH)
|
| Top of the 5th over - 1 run, 3 hits, 0 errors, 2 left on base; Burlington 6 - Wausau 1 |
| BOTTOM OF THE 5TH |
|
Wausau Timbers batting - Pitching for Burlington Bees : RHP Steven Gibson
|
|
Batting: RHB Jeffrey Young
|
0-0: Ball 1-0: Called Strike 1-1: Ball 2-1: Ground out 3-1 (Groundball, 13, EV 86.3 MPH)
|
|
Batting: RHB John Pignotti
|
0-0: Ball 1-0: Called Strike 1-1: Ball 2-1: Fly out, F4 (Popup, 23, EV 88.1 MPH)
|
|
Batting: RHB John Nicolo
|
0-0: Reached on error, E4 (Groundball, 4, EV 108.1 MPH)
|
|
Batting: LHB Rodney Nealeigh
|
0-0: Called Strike 0-1: Foul Ball, location: 2F 0-2: Ball 1-2: Foul Ball, location: 2F 1-2: Ground out 4-3 (Groundball, 4, EV 87.5 MPH)
|
| Bottom of the 5th over - 0 runs, 0 hits, 1 error, 1 left on base; Burlington 6 - Wausau 1 |
| TOP OF THE 6TH |
|
Burlington Bees batting - Pitching for Wausau Timbers : RHP Daniel Pierce
|
|
Batting: RHB Mike Morse
|
0-0: Foul Ball, location: 2F 0-1: Foul Ball, location: 2F 0-2: Ball 1-2: Fly out, F9 (Flyball, 89S, EV 82.5 MPH)
|
|
Batting: RHB Nick Hernandez
|
0-0: Ball 1-0: Ball 2-0: Swinging Strike 2-1: Swinging Strike 2-2: Foul Ball, location: 2F 2-2: SINGLE (Flyball, 9LM, EV 86.9 MPH)
|
|
Batting: RHB Mark Miller
|
0-0: Ball 1-0: Reached on error, E3 (Groundball, 34S, EV 79.4 MPH) Nick Hernandez to second
|
|
Batting: RHB Mike Quade
|
0-0: Ball 1-0: Grounds into double play, 6-4-3 (Groundball, 6, EV 84.4 MPH)
|
| Top of the 6th over - 0 runs, 1 hit, 1 error, 1 left on base; Burlington 6 - Wausau 1 |
| BOTTOM OF THE 6TH |
|
Wausau Timbers batting - Pitching for Burlington Bees : RHP Steven Gibson
|
|
Batting: RHB Rich Renteria
|
0-0: Ground out 4-3 (Groundball, 4, EV 79.4 MPH)
|
|
Batting: LHB Jerry Morton
|
0-0: Ball 1-0: Called Strike 1-1: Foul Ball, location: 2F 1-2: Foul Ball, location: 2F 1-2: Ball 2-2: Ball 3-2: SINGLE (Groundball, 25, EV 66.3 MPH) (infield hit)
|
|
Batting: SHB James Flores
|
0-0: Called Strike Jerry Morton steals 2nd base 0-1: Foul Ball, location: 2F 0-2: Foul Ball, location: 2F 0-2: DOUBLE (Line Drive, 9LM, EV 103.1 MPH) Jerry Morton scores
|
|
Batting: LHB Ricky Seilheimer
|
0-0: Called Strike 0-1: Swinging Strike 0-2: Ball 1-2: Foul Ball, location: 2F 1-2: Strikes out looking
|
|
Batting: RHB Bruce Chaney
|
0-0: Swinging Strike 0-1: Ball 1-1: Ball 2-1: Ball 3-1: Base on Balls
|
|
Batting: RHB Jeffrey Young
|
0-0: Ball 1-0: Ball 2-0: Called Strike 2-1: Swinging Strike 2-2: Fly out, F7 (Line Drive, 7, EV 97.5 MPH)
|
| Bottom of the 6th over - 1 run, 2 hits, 0 errors, 2 left on base; Burlington 6 - Wausau 2 |
| TOP OF THE 7TH |
|
Burlington Bees batting - Pitching for Wausau Timbers : RHP Daniel Pierce
|
|
Batting: LHB Brian Devalk
|
0-0: Swinging Strike 0-1: Ground out 3-1 (Groundball, 34S, EV 81.9 MPH)
|
|
Batting: RHB Bob Gergen
|
0-0: Ground out 5-3 (Groundball, 56S, EV 75.0 MPH)
|
|
Batting: RHB Gregory Chinn
|
0-0: Ball 1-0: Ball 2-0: Foul Ball, location: 2F 2-1: Ball 3-1: Base on Balls
|
|
Batting: RHB Kenneth Patterson
|
0-0: Called Strike 0-1: Ground out 4-3 (Groundball, 4, EV 80.0 MPH)
|
| Top of the 7th over - 0 runs, 0 hits, 0 errors, 1 left on base; Burlington 6 - Wausau 2 |
| BOTTOM OF THE 7TH |
|
Wausau Timbers batting - Pitching for Burlington Bees : RHP Steven Gibson
|
|
Batting: RHB John Pignotti
|
0-0: Ball 1-0: Fly out, F8 (Flyball, 8RXD, EV 106.3 MPH)
|
|
Batting: RHB John Nicolo
|
0-0: Ball 1-0: Ball 2-0: Fly out, F4 (Line Drive, 4, EV 67.5 MPH)
|
|
Batting: LHB Rodney Nealeigh
|
0-0: Ball 1-0: Ball 2-0: Called Strike 2-1: Ball 3-1: Fly out, F5 (Line Drive, 5, EV 73.1 MPH)
|
| Bottom of the 7th over - 0 runs, 0 hits, 0 errors, 0 left on base; Burlington 6 - Wausau 2 |
| TOP OF THE 8TH |
|
Burlington Bees batting - Pitching for Wausau Timbers : RHP Daniel Pierce
|
|
Batting: RHB Rod Johnson
|
0-0: SINGLE (Line Drive, 4D, EV 98.8 MPH)
|
|
Batting: RHB Mike Morse
|
0-0: Called Strike 0-1: Foul Ball, location: 2F 0-2: Fly out, F8 (Flyball, 8LM, EV 97.5 MPH)
|
|
Batting: RHB Nick Hernandez
|
0-0: Ball 1-0: Ball 2-0: Foul Ball, location: 2F 2-1: Foul Ball, location: 2F 2-2: Ball 3-2: Strikes out looking
|
|
Batting: RHB Mark Miller
|
0-0: Ball 1-0: Ball 2-0: SINGLE (Line Drive, 8LS, EV 100.0 MPH) Rod Johnson to second
|
|
Batting: RHB Mike Quade
|
0-0: Called Strike 0-1: Foul Ball, location: 2F 0-2: Fielders Choice at 2nd, 5-4 (Groundball, 5, EV 88.8 MPH)
|
| Top of the 8th over - 0 runs, 2 hits, 0 errors, 2 left on base; Burlington 6 - Wausau 2 |
| BOTTOM OF THE 8TH |
|
Wausau Timbers batting - Pitching for Burlington Bees : RHP Steven Gibson
|
|
Batting: RHB Rich Renteria
|
0-0: Ground out 5-3 (Groundball, 56S, EV 64.4 MPH)
|
|
Batting: LHB Jerry Morton
|
0-0: Called Strike 0-1: TRIPLE (Line Drive, 8RXD, EV 100.0 MPH)
|
|
Batting: SHB James Flores
|
0-0: Called Strike 0-1: Called Strike 0-2: Ball 1-2: Ball 2-2: SINGLE (Line Drive, 78M, EV 110.6 MPH) Jerry Morton scores
|
|
Batting: LHB Ricky Seilheimer
|
0-0: Ball 1-0: Called Strike 1-1: Ball 2-1: Foul Ball, location: 2F 2-2: DOUBLE (Line Drive, 78D, EV 107.5 MPH) James Flores to third Runner from 3rd tries for Home, SAFE, no throw by LF
|
|
Batting: RHB Bruce Chaney
|
0-0: Ball 1-0: Foul Ball, location: 2F 1-1: Fly out, F9 (Flyball, 9, EV 76.3 MPH)
|
|
Batting: RHB Jeffrey Young
|
0-0: Ground out U3 (Groundball, 34, EV 88.8 MPH)
|
| Bottom of the 8th over - 2 runs, 3 hits, 0 errors, 1 left on base; Burlington 6 - Wausau 4 |
| TOP OF THE 9TH |
|
Burlington Bees batting - Pitching for Wausau Timbers : RHP Daniel Pierce
|
|
Batting: LHB Brian Devalk
|
0-0: Ball 1-0: Foul Ball, location: 2F 1-1: Called Strike 1-2: Ball 2-2: Foul Ball, location: 2F 2-2: Foul Ball, location: 2F 2-2: Foul Ball, location: 2F 2-2: Ball 3-2: Base on Balls
|
|
Pitching: RHP Alan Holbrook
|
|
|
Batting: RHB Bob Gergen
|
0-0: Ball 1-0: Ball 2-0: Ball 3-0: Called Strike 3-1: DOUBLE (Line Drive, 8RXD, EV 103.1 MPH) Brian Devalk to third
|
|
Batting: RHB Gregory Chinn
|
0-0: Ground out 6-3 (Groundball, 6S, EV 80.6 MPH) Brian Devalk scores Bob Gergen to third
|
|
Batting: RHB Kenneth Patterson
|
0-0: Called Strike 0-1: Foul Ball, location: 2F 0-2: Strikes out looking
|
|
Batting: RHB Rod Johnson
|
0-0: Ball 1-0: SINGLE (Groundball, 34D, EV 109.4 MPH) Bob Gergen scores
|
|
Batting: RHB Mike Morse
|
0-0: Called Strike Rod Johnson steals 2nd base 0-1: Ball 1-1: Fly out, F7 (Flyball, 7S, EV 83.8 MPH)
|
| Top of the 9th over - 2 runs, 2 hits, 0 errors, 1 left on base; Burlington 8 - Wausau 4 |
| BOTTOM OF THE 9TH |
|
Wausau Timbers batting - Pitching for Burlington Bees : RHP Steven Gibson
|
|
Batting: RHB John Pignotti
|
0-0: Called Strike 0-1: Ball 1-1: Foul Ball, location: 2F 1-2: Foul Ball, location: 2F 1-2: Foul Ball, location: 2F 1-2: Ball 2-2: Ball 3-2: Base on Balls
|
|
Batting: RHB John Nicolo
|
0-0: Ball 1-0: Fly out, F8 (Flyball, 8RD, EV 76.9 MPH)
|
|
Batting: LHB Rodney Nealeigh
|
0-0: Called Strike 0-1: Ball 1-1: Foul Ball, location: 2F 1-2: Strikes out swinging
|
|
Batting: RHB Rich Renteria
|
0-0: Ball 1-0: Called Strike 1-1: Ball 2-1: Ball 3-1: Swinging Strike 3-2: Foul Ball, location: 2F 3-2: Strikes out swinging
|
| Bottom of the 9th over - 0 runs, 0 hits, 0 errors, 1 left on base; Burlington 8 - Wausau 4 |
|